[Event "*** Titled Tuesday Blitz"]
[Site "Chess.com"]
[Date "2020.12.01"]
[Round "7"]
[White "Piotrek1979"]
[Black "MarcoRiehle"]
[Result "0-1"]
[WhiteElo "2492"]
[BlackElo "2680"]
[TimeControl "180+1"]
[EndTime "11:15:34 PST"]
[Termination "MarcoRiehle won by checkmate"]

1. Nf3 d5 2. g3 c5 3. Bg2 Nc6 4.
O-O e5 5. d3 Be7 6. e4 d4 7. a4 g5 8. Na3 h5 9. Nc4 f6 10. c3 h4 11. cxd4 cxd4 12. Bd2 Be6 13. a5 Qd7 14. Qa4 Rc8 15. Rfc1 Bh3 16. Bxh3 Qxh3 17. a6 b5 18. Qxb5 hxg3 19. fxg3 g4 20.
Nd6+ Bxd6 21. Rxc6 gxf3 22. Rxc8+ Kf7 23. Qd5+ Kg7 24.
Bh6+ Qxh6 25. Qxd6 Qxh2+ 26. Kf1 Qe2+ 27. Kg1 f2+ 28. Kg2 Rh2+ 29. Kxh2 f1=Q# 0-1

[Event "*** Titled Tuesday Blitz"]
[Site "Chess.com"]
[Date "2020.12.01"]
[Round "7"]
[White "yourstrulyme"]
[Black "arjwezhrtdrz"]
[Result "0-1"]
[WhiteElo "2459"]
[BlackElo "2324"]
[TimeControl "180+1"]
[EndTime "11:15:35 PST"]
[Termination "arjwezhrtdrz won on time"]

1. e4 e6 2. d4 d5 3. Nd2 dxe4 4. Nxe4 Bd7 5. Nf3 Bc6 6. Bd3 Nd7 7. c3 Ngf6 8.
Nxf6+ Nxf6 9. O-O Qd5 10. Re1 Bd6 11. c4 Qh5 12. d5 Bd7 13. Bg5 O-O 14. h3 exd5 15.
Bxf6 gxf6 16. cxd5 Kh8 17. Nd4 Qxd5 18. Be4 Qe5 19. Nf3 Qf4 20. Bxb7 Rab8 21. Re4 Qf5 22. Bd5 Rxb2 23. Rh4 Rb4 24. Rxb4 Bxb4 25. Qd4 Bd6 26. Re1 Re8 27. Bxf7 Rxe1+ 28. Nxe1 Kg7 29. Bc4 Bc5 30. Qd2 Bc6 0-1

[Event "*** Titled Tuesday Blitz"]
[Site "Chess.com"]
[Date "2020.12.01"]
[Round "7"]
[White "Khnykin_Nikolay"]
[Black "vova-79"]
[Result "0-1"]
[WhiteElo "2024"]
[BlackElo "2451"]
[TimeControl "180+1"]
[EndTime "11:15:35 PST"]
[Termination "vova-79 won on time"]

1. e4 e6 2. d4 d5 3. Bd3 c5 4. c3 cxd4 5. cxd4 dxe4 6. Bxe4 Nf6 7. Bf3 Nc6 8. Ne2 Be7 9. O-O O-O 10. Nbc3 Nb4 11.
a3 Nbd5 12. Nf4 Nxc3 13. bxc3 Qc7 14. Bb2 Bd7 15. Rb1 Bb5 16. Re1 Rac8 17. Bc1 Bc6 18. d5 exd5 19. Bxd5 Bd6 20. Bxc6 Qxc6 21. Rb3 Rfd8 22.
Qc2 b6 23. Be3 Qc4 24. Rbb1 Bxf4 25. Rb4 Qxc3 26. Qxc3 Rxc3 27. Bxf4 Rxa3 28. Rc4 Rad3 29. Bc7 Rc8 0-1

[Event "*** Titled Tuesday Blitz"]
[Site "Chess.com"]
[Date "2020.12.01"]
[Round "7"]
[White "orestn"]
[Black "CoachHakia"]
[Result "1-0"]
[WhiteElo "2308"]
[BlackElo "2143"]
[TimeControl "180+1"]
[EndTime "11:15:36 PST"]
[Termination "orestn won by checkmate"]

1. e4 d5 2. exd5 Qxd5 3. Nc3 Qa5 4. d4 Nf6 5. Nf3 Bf5 6. Be2 c6 7. O-O e6 8. Bd2 Qc7 9. Nh4 Bg6 10. Re1 Bd6 11. g3 Nbd7 12. Bf3 O-O 13. Nxg6 hxg6 14. Ne4 Nxe4 15. Bxe4 Nf6 16. Bf3 Rad8 17. Qe2 Rfe8 18. Qc4 Nd5 19. Qb3 Ne7 20. Rad1 Nf5 21. c3 b6 22. Bg5 Rd7 23. Qc4 Rc8 24. a4 Be7 25.
Bf4 Bd6 26. Bc1 c5 27. d5 exd5 28. Rxd5 Rcd8 29. Red1 Be5 30. Bg5 Rxd5 31. Rxd5 Rxd5 32. Qxd5 Bf6 33. Bf4 Qe7 34. Kg2 Kh7 35. Be4 Nh6 36. Bf3 Nf5 37. Be4 Nh6 38. Qb7 Qe6 39. Bd5 Qe2 40.
Qxf7 Ng4 41. Qg8# 1-0

[Event "*** Titled Tuesday Blitz"]
[Site "Chess.com"]
[Date "2020.12.01"]
[Round "7"]
[White "csati17"]
[Black "ChristopherYoo"]
[Result "0-1"]
[WhiteElo "2593"]
[BlackElo "2850"]
[TimeControl "180+1"]
[EndTime "11:15:37 PST"]
[Termination "ChristopherYoo won by resignation"]

1. c4 e6 2. Nf3 d5 3. g3 Nf6 4.
Bg2 Be7 5. O-O O-O 6. b3 b6 7. Bb2 Bb7 8. Nc3 Nbd7 9. e3 c5 10. d4 Rc8 11. Ne5 cxd4 12. exd4 Qc7 13. cxd5 exd5 14.
Rc1 Qd6 15. Re1 a6 16. Bh3 Rc7 17. Qe2 Nb8 18. Nb1 Rxc1 19. Rxc1 Qd8 20. Nd2 Bd6 21. Qd3 Re8 22. f4 a5 23. g4 Na6 24. g5 Nb4 25.
Qf1 Ne4 26. Nxe4 dxe4 27. Qc4 Bxe5 28. fxe5 Qxg5+ 29. Bg2 Qe3+ 30. Kh1 Nd3 31. Rf1 Nf2+ 32. Rxf2 Qxf2 33. Bc3 Rc8 34. Qb5 e3 35. Bxb7 e2 36. Bxc8 0-1

[Event "*** Titled Tuesday Blitz"]
[Site "Chess.com"]
[Date "2020.12.01"]
[Round "7"]
[White "GMSrinath"]
[Black "AliKa2810"]
[Result "1-0"]
[WhiteElo "2808"]
[BlackElo "2580"]
[TimeControl "180+1"]
[EndTime "11:15:39 PST"]
[Termination "GMSrinath won by resignation"]

1. Nf3 d5 2. b3 Bg4 3. Bb2 Nd7 4. e3 Ngf6 5. c4 e6 6. Be2 Bd6 7. O-O O-O 8. Nc3 c6 9. Rc1 Qe7 10. d4 h6 11. Qc2 Bf5 12. Bd3 Bxd3 13. Qxd3 a5 14. e4 dxe4 15. Nxe4 Nxe4 16. Qxe4 Ba3 17. Qe2 a4 18. c5 Bxb2 19. Qxb2 a3 20. Qe2 Nf6 21. Ne5 Nd5 22. g3 Rfd8 23. Rfd1 Qg5 24. h4 Qf5 25. Rd3 f6 26. Nc4 Nb4 27. Rf3 Qh3 28. Nd6 Qg4 29. Rc4 Nxa2 30. d5 Qh5 31.
dxe6 Nb4 32. e7 Rxd6 33. cxd6 a2 34. Rc1 a1=Q 35. Rxa1 Rxa1+ 36. Kg2 Ra8 37. d7 Re8 38. d8=Q 1-0

[Event "*** Titled Tuesday Blitz"]
[Site "Chess.com"]
[Date "2020.12.01"]
[Round "7"]
[White "Tssunami"]
[Black "LionTheLeon_06"]
[Result "1-0"]
[WhiteElo "2439"]
[BlackElo "2618"]
[TimeControl "180+1"]
[EndTime "11:15:39 PST"]
[Termination "Tssunami won by resignation"]

1. Nf3 Nf6 2. c4 c5 3. Nc3 b6 4.
b3 Bb7 5. Bb2 e6 6. e3 Be7 7.
Be2 O-O 8. O-O Nc6 9. d4 cxd4 10.
Nxd4 a6 11. Bf3 Qc7 12. Rc1 Rfd8 13. Qe2 Rac8 14. Rfd1 Qb8 15. Na4 Nxd4 16. Bxd4 Bxf3 17. Qxf3 b5 18. Nb6 Rc7 19. cxb5 axb5 20. a4 bxa4 21. bxa4 d6 22. a5 e5 23. Bb2 h6 24.
h3 Rxc1 25. Rxc1 Qa7 26. Nc8 Qd7 27. Nxe7+ Qxe7 28. a6 Rb8 29. Ba3 e4 30. Qf5 Nd7 31.
a7 Ra8 32. Rc7 Qe5 33. Qxd7 Qa1+ 34. Kh2 Qxa3 35. Qxf7+ 1-0

[Event "*** Titled Tuesday Blitz"]
[Site "Chess.com"]
[Date "2020.12.01"]
[Round "7"]
[White "Chessdreamer2020"]
[Black "ChronicUnhappiness"]
[Result "1-0"]
[WhiteElo "2534"]
[BlackElo "2361"]
[TimeControl "180+1"]
[EndTime "11:15:39 PST"]
[Termination "Chessdreamer2020 won on time"]

1. e4 c5 2. Nf3 Nc6 3. Bb5 g6 4. O-O Bg7 5. c3 Nf6 6. Qa4 O-O 7.
d4 d5 8. e5 Ne4 9. Bxc6 bxc6 10. Qxc6 Bg4 11. Nfd2 Rc8 12. Qa4 Bf5 13. Nxe4 dxe4 14.
Be3 cxd4 15. cxd4 f6 16. exf6 Bxf6 17. Nc3 e5 18. d5 Rf7 19. Rfd1 Rd7 20. Nxe4 Bg7 21.
Bg5 Qf8 22. Ng3 e4 23. Nxe4 Bxb2 24. Rab1 Be5 25. Rb3 h6 26. Bh4 g5 27. Bg3 Bxg3 28. Nxg3 Rcd8 29. Nxf5 Qxf5 30. Rbd3 Rd6 31. Qc4 R8d7 32.
h3 Kg7 33. Qc3+ Qf6 34. Qc8 Re7 35. Rf3 Qg6 36. Qf8+ 1-0

[Event "*** Titled Tuesday Blitz"]
[Site "Chess.com"]
[Date "2020.12.01"]
[Round "7"]
[White "BAS8892"]
[Black "Mr_Sinigami"]
[Result "0-1"]
[WhiteElo "2707"]
[BlackElo "2575"]
[TimeControl "180+1"]
[EndTime "11:15:40 PST"]
[Termination "Mr_Sinigami won by resignation"]

1. d4 Nf6 2. Nf3 g6 3. e3 Bg7 4. Bd3 O-O 5. b3 d6 6. Bb2 Nbd7 7. Nbd2 e5 8. O-O Re8 9. dxe5 Ng4 10. Qc1 Ngxe5 11. Be2 Qe7 12. c4 a5 13. a3 Nc5 14. Nxe5 dxe5 15. b4 Na4 16. e4 axb4 17. axb4 Qxb4 18. Ba3 Qc3 19. Nf3 Bd7 20. Rb1 Bc6 21.
Bb4 Qxc1 22. Rbxc1 Bxe4 23. c5 Bc6 24. Rfd1 Rad8 25.
Bc4 h6 26. Bb3 Nb2 27. Rxd8 Rxd8 28. Rb1 Nd3 29. Ba5 Rd7 30. h4 Nxc5 31. Bc4 b6 32.
Bb4 Nd3 33. Ba3 e4 34. Nd2 Bd4 35. Nb3 Bxf2+ 36. Kf1 Bxh4 37. Ke2 Nf4+ 38. Ke3 Nxg2+ 39. Ke2 e3 40. Rc1 Bf2 41. Bxf7+ Kxf7 42. Rxc6 Nf4+ 43. Kf3 Nd3 44. Ke2 h5 45. Rc4 c5 46. Ra4 h4 47. Ra6 h3 48. Ra7 Rxa7 0-1

[Event "*** Titled Tuesday Blitz"]
[Site "Chess.com"]
[Date "2020.12.01"]
[Round "7"]
[White "Chesswizard_2007"]
[Black "ajedrezsinlimites"]
[Result "0-1"]
[WhiteElo "2680"]
[BlackElo "2551"]
[TimeControl "180+1"]
[EndTime "11:15:44 PST"]
[Termination "ajedrezsinlimites won by resignation"]

1. d4 Nf6 2. c4 e6 3. Nc3 Bb4 4.
Nf3 b6 5. Qc2 Bb7 6. a3 Bxc3+ 7.
Qxc3 O-O 8. e3 a5 9. Be2 a4 10. O-O d6 11. Rd1 Nbd7 12. Bd2 Qe7 13. Be1 Ne4 14. Qc2 f5 15. Rac1 g5 16. Nd2 g4 17.
Nxe4 Bxe4 18. Bd3 Bxd3 19. Qxd3 h5 20. e4 f4 21. e5 Rf5 22. exd6 Qxd6 23. Bb4 c5 24. Qe4 Re8 25. dxc5 Nxc5 26. Bxc5 Qxc5 27. Rd7 g3 28. Rf1 gxf2+ 29. Kh1 Qe3 30. Qb7 Rg5 31. Rh7 Rf8 32. h4 Rxg2 33. Qxg2+ Kxh7 34. Rxf2 Rg8 35. Qf1 Rg4 36. Rf3 Rxh4+ 37. Kg2 Rg4+ 38. Kh1 Rh4+ 39. Kg2 Qd2+ 40. Rf2 Rg4+ 41. Kh1 Qe3 42. Rh2 Kg6 43. Rg2 Qh3+ 44. Kg1 Qxg2+ 45. Qxg2 f3 46.
Qxg4+ hxg4 47. c5 bxc5 0-1

[Event "*** Titled Tuesday Blitz"]
[Site "Chess.com"]
[Date "2020.12.01"]
[Round "7"]
[White "Enriquack"]
[Black "djano"]
[Result "0-1"]
[WhiteElo "2290"]
[BlackElo "2459"]
[TimeControl "180+1"]
[EndTime "11:15:44 PST"]
[Termination "djano won by resignation"]

1. e4 c5 2. Nf3 e6 3. d4 cxd4 4. Nxd4 a6 5. c4 Qh4 6. Qd3 Nc6 7. Nxc6 bxc6 8. g3 Qf6 9. Bg2 Bc5 10. O-O h5 11. h4 Ne7 12. Nc3 Ng6 13. Be3 Ne5 14. Qe2 Bxe3 15. Qxe3 Nxc4 16. Qc5 Nxb2 17. e5 Qe7 18.
Qd4 Rb8 19. Ne4 Qb4 20. Nd6+ Ke7 21. Qe3 f6 22. Rab1 a5 23. Rfe1 Ba6 24. Rxb2 Qxb2 25.
Qc5 Qb4 26. exf6+ gxf6 27. Nf5+ Kf7 28. Qa7 Qxe1+ 29. Kh2 exf5 30. Qxd7+ Qe7 31. Qxf5 Bc4 0-1

[Event "*** Titled Tuesday Blitz"]
[Site "Chess.com"]
[Date "2020.12.01"]
[Round "7"]
[White "Sacbutt"]
[Black "scoopbh"]
[Result "0-1"]
[WhiteElo "2251"]
[BlackElo "2091"]
[TimeControl "180+1"]
[EndTime "11:15:44 PST"]
[Termination "scoopbh won by checkmate"]

1. d4 Nf6 2. c4 g6 3. Nc3 d5 4. cxd5 Nxd5 5. e4 Nxc3 6. bxc3 Bg7 7. Nf3 c5 8. Rb1 O-O 9. Be2 Qa5 10. d5 Bxc3+ 11. Kf1 Bg7 12. h4 h5 13. Bb2 Na6 14.
Bxg7 Kxg7 15. Ng5 Nb4 16. g4 f6 17. Ne6+ Bxe6 18. dxe6 Rad8 19. Qe1 Qxa2 20. gxh5 g5 21. hxg5 fxg5 22. h6+ Kh7 23. Ra1 Qxe6 24. Rxa7 Qf6 25. e5 Qf4 26. f3 Nc2 27. Qc3 Ne3+ 28. Kf2 Ng4+ 29. Kg2 Ne3+ 30. Kf2 Ng4+ 31. Ke1 Ne3 32. Rxb7 Qg3# 0-1

[Event "*** Titled Tuesday Blitz"]
[Site "Chess.com"]
[Date "2020.12.01"]
[Round "7"]
[White "wonderfultime"]
[Black "Ginger_GM"]
[Result "1-0"]
[WhiteElo "2926"]
[BlackElo "2618"]
[TimeControl "180+1"]
[EndTime "11:15:45 PST"]
[Termination "wonderfultime won by resignation"]

1. e4 c5 2. Nf3 d6 3. Bb5+ Nc6 4. O-O Bg4 5. h3 Bh5 6. c3 Nf6 7. d3 e6 8. Nbd2 Be7 9. Re1 O-O 10. Bxc6 bxc6 11. Nf1 Nd7 12. Ng3 Bg6 13. Be3 a5 14. d4 d5 15. exd5 cxd5 16. Bf4 a4 17. Qd2 Nb6 18. Ne5 Nc4 19. Nxc4 dxc4 20. Be3 Rb8 21. Qc1 Qb6 22. Re2 cxd4 23. Bxd4 Bc5 24. Bxc5 Qxc5 25. a3 Bd3 26. Rd2 Rb7 27. Qd1 Qc6 28. Qg4 f5 29. Qd4 Rd7 30. Qf4 Qd6 31.
Qh4 e5 32. Re1 e4 33. Nf1 f4 34. Rxe4 Rdf7 35. Rxc4 Qg6 36. Rd4 Be4 37. Qg4 Qc6 38.
Rd6 Qb7 39. Rd7 Qc6 40. Rxf7 Rxf7 41. Rd8+ Rf8 42. Rxf8+ Kxf8 43. Qxf4+ Kg8 44. Ne3 h6 45. Qe5 Kh7 46. Qd4 Bg6 47. c4 Qb7 48. c5 Qb3 49. h4 Qa2 50. c6 Qb1+ 51. Kh2 Qc1 52.
Qc3 1-0

[Event "*** Titled Tuesday Blitz"]
[Site "Chess.com"]
[Date "2020.12.01"]
[Round "7"]
[White "VladaSviridova"]
[Black "igorcadilhac"]
[Result "1-0"]
[WhiteElo "2319"]
[BlackElo "2451"]
[TimeControl "180+1"]
[EndTime "11:15:45 PST"]
[Termination "VladaSviridova won on time"]

1. d4 d5 2. c4 e6 3. Nf3 Nf6 4. Nc3 Be7 5. Bf4 O-O 6. e3 b6 7. cxd5 Nxd5 8. Nxd5 Qxd5 9. Bd3 Bb4+ 10. Ke2 Bd6 11.
e4 Qh5 12. e5 Be7 13. Be4 Ba6+ 14. Ke3 c6 15. h3 f5 16. g4 Qf7 17. gxf5 exf5 18. Bc2 c5 19. d5 Rd8 20. d6 Nc6 21. Bg5 Bxg5+ 22. Nxg5 Qe8 23. e6 f4+ 24. Kxf4 Nd4 25.
Bxh7+ Kh8 26. Nf7+ 1-0

[Event "*** Titled Tuesday Blitz"]
[Site "Chess.com"]
[Date "2020.12.01"]
[Round "7"]
[White "ErikRonka"]
[Black "Nils_03"]
[Result "1-0"]
[WhiteElo "2379"]
[BlackElo "2259"]
[TimeControl "180+1"]
[EndTime "11:15:45 PST"]
[Termination "ErikRonka won by resignation"]

1. g3 d5 2. Bg2 Nc6 3. d3 e5 4.
a3 f5 5. Nd2 Nf6 6. c4 Be6 7.
Ngf3 Be7 8. cxd5 Nxd5 9. Qc2 O-O 10. b4 Nd4 11. Nxd4 exd4 12. Bb2 Bf6 13. O-O Nc3 14. Bxc3 dxc3 15. Nb1 c5 16. bxc5 Qa5 17. Bxb7 Rab8 18. c6 Bd5 19. Rc1 Bxc6 20. Bxc6 Rb2 21. Qa4 Qxa4 22. Bxa4 c2 23. Bxc2 Rxc2 24. Rxc2 Bxa1 25. Nd2 Bd4 26. e3 Bf6 27. Rc7 Rd8 28. d4 a5 29. Nc4 a4 30. Ra7 Rc8 31. Nd6 Rc1+ 32. Kg2 g6 33. Rxa4 Be7 34. Ra8+ Kg7 35. Ra7 Kf6 36. Nb5 Ra1 37. a4 h5 38. h4 Bd6 39.
Nxd6 1-0

[Event "*** Titled Tuesday Blitz"]
[Site "Chess.com"]
[Date "2020.12.01"]
[Round "7"]
[White "RaneshRatnesan"]
[Black "Deepweb2020"]
[Result "1-0"]
[WhiteElo "2150"]
[BlackElo "2270"]
[TimeControl "180+1"]
[EndTime "11:15:47 PST"]
[Termination "RaneshRatnesan won by checkmate"]

1. d4 Nf6 2. Bf4 e6 3. e3 c5 4. c3 d5 5. Nd2 Bd6 6. Bg3 Qc7 7. Ngf3 Nbd7 8. Bd3 O-O 9. O-O Bxg3 10. hxg3 e5 11.
Nxe5 Nxe5 12. dxe5 Qxe5 13. Nf3 Qh5 14. Be2 Bg4 15.
Qc2 Rad8 16. Rad1 Rd6 17. Rfe1 Ne4 18. Nh4 g5 19. Nf5 Rd7 20. Rxd5 Rxd5 21. Qxe4 Bxe2 22. Ne7+ Kg7 23. Nxd5 Bg4 24. Qe5+ f6 25. Qe7+ Qf7 26.
Qxc5 Rc8 27. Qd4 Be6 28. c4 b5 29. b3 bxc4 30. bxc4 h5 31. Rd1 Rc6 32. e4 Kg6 33. Kh2 h4 34. gxh4 gxh4 35. Kg1 h3 36. g3 f5 37.
Nf4+ Kg5 38. Nxh3+ Kg4 39. exf5+ Kxh3 40. Qh4# 1-0

[Event "*** Titled Tuesday Blitz"]
[Site "Chess.com"]
[Date "2020.12.01"]
[Round "7"]
[White "awesomevishesh"]
[Black "dopolian"]
[Result "1-0"]
[WhiteElo "2549"]
[BlackElo "2425"]
[TimeControl "180+1"]
[EndTime "11:15:48 PST"]
[Termination "awesomevishesh won by checkmate"]

1. e4 Nc6 2. d4 e5 3. d5 Nce7 4.
c4 Ng6 5. Be3 Nf6 6. Nc3 Bb4 7. f3 Bxc3+ 8. bxc3 d6 9. c5 O-O 10.
g3 b6 11. c6 a5 12. Bd3 Ne8 13. h4 f5 14. h5 Nh8 15. Qd2 fxe4 16. fxe4 Bg4 17. h6 g6 18. Rh4 Nf6 19. Bg5 Qc8 20.
Bxf6 Rxf6 21. Qg5 Qf8 22. Qxg4 Nf7 23. Be2 Nxh6 24. Qh3 g5 25. Rh5 Rg6 26. Bg4 Nxg4 27. Qxg4 Qf6 28. Nf3 Rf8 29. Ke2 h6 30. Rf1 Qg7 31.
Rhh1 Rgf6 32. Nd2 Rxf1 33. Rxf1 Rxf1 34. Nxf1 Qf7 35. Ne3 Kf8 36. Qc8+ Kg7 37. Nf5+ Kf6 38. Qd8+ Kg6 39. Ne7+ Kh5 40. Qd7 Qf6 41. Qh3# 1-0

[Event "*** Titled Tuesday Blitz"]
[Site "Chess.com"]
[Date "2020.12.01"]
[Round "7"]
[White "nitpicker"]
[Black "chesstatour"]
[Result "1-0"]
[WhiteElo "2257"]
[BlackElo "1977"]
[TimeControl "180+1"]
[EndTime "11:15:48 PST"]
[Termination "nitpicker won on time"]

1. d4 e6 2. c4 b6 3. a3 Bb7 4. Nc3 f5 5. d5 e5 6. e4 fxe4 7.
Nxe4 Nf6 8. Bd3 Na6 9. b4 Be7 10.
Nf3 O-O 11. Qe2 d6 12. Neg5 Bc8 13. Bb2 Bg4 14. c5 dxc5 15. Bxa6 cxb4 16. O-O bxa3 17. Bxa3 Bxa3 18. Rxa3 Qd6 19. Re3 Rae8 20. Rxe5 Rxe5 21.
Qxe5 Bxf3 22. Qxd6 cxd6 23. Nxf3 Re8 24. Bb5 Re7 25. Ra1 g6 26. Kf1 Kg7 27. Bc6 h6 28. Nd4 Kf7 29. Nb5 Ne4 30. Rxa7 Nd2+ 31. Kg1 1-0

[Event "*** Titled Tuesday Blitz"]
[Site "Chess.com"]
[Date "2020.12.01"]
[Round "7"]
[White "Sokoloco"]
[Black "Vesper2018"]
[Result "1/2-1/2"]
[WhiteElo "2482"]
[BlackElo "2648"]
[TimeControl "180+1"]
[EndTime "11:15:49 PST"]
[Termination "Game drawn by repetition"]

1. b3 Nf6 2. Bb2 e6 3. e3 d5 4. Nf3 c5 5. Ne5 Bd6 6. f4 O-O 7. Be2 Nc6 8. O-O Ne7 9. g4 Ng6 10. d3 Qc7 11. g5 Nd7 12. Nxd7 Bxd7 13. Nd2 f6 14. gxf6 gxf6 15. Kh1 d4 16. Ne4 Bc6 17.
Bf3 Bxe4 18. dxe4 f5 19. exd4 cxd4 20. Qxd4 Bxf4 21. Rg1 e5 22. Qd5+ Kh8 23. exf5 Rxf5 24. Be4 Rh5 25. Rg2 Rd8 26. Qe6 Qd6 27. Qxd6 Rxd6 28.
Rf1 Kg8 29. Bxb7 Rh3 30. c4 Rhd3 31. c5 Rd1 32. cxd6 Rxf1+ 33. Rg1 Rf2 34. Rg2 Rf1+ 35. Rg1 Rf2 36. Rg2 Rf1+ 1/2-1/2

[Event "*** Titled Tuesday Blitz"]
[Site "Chess.com"]
[Date "2020.12.01"]
[Round "7"]
[White "Natalya_Buksa"]
[Black "theturtlemoves"]
[Result "1-0"]
[WhiteElo "2581"]
[BlackElo "2406"]
[TimeControl "180+1"]
[EndTime "11:15:50 PST"]
[Termination "Natalya_Buksa won on time"]

1. d4 d5 2. Nc3 Nf6 3. Bf4 c5 4. e3 cxd4 5. exd4 a6 6. Nf3 Nc6 7. Ne5 Bf5 8. Nxc6 bxc6 9. Bd3 Bxd3 10. Qxd3 e6 11. O-O c5 12. dxc5 Bxc5 13. Na4 Be7 14. c4 dxc4 15. Qxc4 Qd5 16. Qc2 Qe4 17. Qxe4 Nxe4 18.
Rfe1 Nc5 19. Nxc5 Bxc5 20. Rac1 Be7 21. Rc7 Bf6 22. Bd6 Rd8 23. Ba3 Rd7 24. Rec1 Bd8 25. Rc8 f6 26. R8c6 Kf7 27. Rxa6 h5 28. g3 h4 29. Kg2 Rd3 30. Rd6 h3+ 31. Kf1 Rxd6 32. Bxd6 e5 33. a4 Ke6 34. Ba3 Kf5 35. b4 Bb6 36. a5 Bd4 37. b5 Rb8 38. b6 Bxb6 39. axb6 Rxb6 40. Ke2 g5 41. Rc2 g4 42. Bc1 Rb1 43. f3 Rb3 44. Be3 gxf3+ 45. Kxf3 e4+ 46. Kf2 Kg4 47. Bd4 f5 48. Rc8 1-0

[Event "*** Titled Tuesday Blitz"]
[Site "Chess.com"]
[Date "2020.12.01"]
[Round "7"]
[White "Alexsur1981"]
[Black "champ2005"]
[Result "0-1"]
[WhiteElo "2826"]
[BlackElo "3017"]
[TimeControl "180+1"]
[EndTime "11:15:51 PST"]
[Termination "champ2005 won on time"]

1. e4 e5 2. f4 d5 3. exd5 exf4 4.
Nf3 Nf6 5. Bc4 Nxd5 6. O-O Be7 7. d4 O-O 8. Bxd5 Qxd5 9. Bxf4 Qd8 10. c4 Bg4 11.
Nc3 Bf6 12. d5 Bxc3 13. bxc3 Nd7 14. Qd4 Bh5 15. c5 c6 16. c4 Rc8 17. Rae1 cxd5 18. Bd6 Re8 19. cxd5 Qa5 20. Rxe8+ Rxe8 21. c6 bxc6 22.
dxc6 Nf8 23. Ne5 Ne6 24. Qc4 Rc8 25. g4 Bg6 26. Nxg6 hxg6 27. Rc1 Qb6+ 28. Kg2 Nd8 29. c7 Qxd6 30. cxd8=Q+ Rxd8 31. Rc2 Qb6 32. h3 Rd1 33. Rf2 Qb7+ 34. Kh2 Qh1+ 35. Kg3 Rg1+ 36. Kf4 Qxh3 0-1

[Event "*** Titled Tuesday Blitz"]
[Site "Chess.com"]
[Date "2020.12.01"]
[Round "7"]
[White "JoliyRoger"]
[Black "Skatchkov_V"]
[Result "1-0"]
[WhiteElo "2402"]
[BlackElo "2490"]
[TimeControl "180+1"]
[EndTime "11:15:51 PST"]
[Termination "JoliyRoger won by resignation"]

1. Nf3 Nf6 2. c4 e6 3. Nc3 d5 4.
cxd5 exd5 5. d4 c6 6. Bg5 Be7 7. Bxf6 Bxf6 8. e3 O-O 9. Bd3 Bg4 10. Qc2 h6 11. h3 Bxf3 12. gxf3 Nd7 13. O-O-O b5 14. Kb1 a5 15. Ne2 Qb6 16. Bf5 Rfd8 17. Bxd7 Rxd7 18. Nf4 Be7 19. Rhg1 Bf8 20. Nd3 Rd6 21.
Ne5 Rc8 22. Nd3 Rf6 23. Rg3 Rc7 24. Rc1 a4 25. f4 Ra7 26. Ne5 b4 27. Ng4 Rd6 28.
Qf5 Qb5 29. Ne5 Qe2 30. Qc2 Qb5 31. Qd3 Qb6 32. Ng4 Kh8 33. Ne5 b3 34. a3 Rf6 35.
Rgg1 c5 36. dxc5 Bxc5 37. Qxd5 Bf8 38. Rc8 Kg8 39. Nd7 Rxd7 40. Qxd7 Rd6 41. Qe8 1-0

[Event "*** Titled Tuesday Blitz"]
[Site "Chess.com"]
[Date "2020.12.01"]
[Round "7"]
[White "Leo_C"]
[Black "LamaChampetre"]
[Result "1-0"]
[WhiteElo "2371"]
[BlackElo "2218"]
[TimeControl "180+1"]
[EndTime "11:15:51 PST"]
[Termination "Leo_C won on time"]

1. d4 Nf6 2. c4 g6 3. Nc3 d6 4. e4 Bg7 5. f3 O-O 6. Be3 e5 7. Nge2 Nc6 8. d5 Ne7 9. g4 a5 10. Qd2 Nd7 11. O-O-O Nc5 12. Kb1 f5 13. gxf5 gxf5 14.
Bh6 Ng6 15. Bxg7 Kxg7 16. Ng3 Qh4 17. Bd3 f4 18. Nf5+ Bxf5 19. exf5 Ne7 20. Rhg1+ Kf6 21. Rg4 Qh6 22. Ne4+ Nxe4 23. fxe4 Rg8 24. Rdg1 Rxg4 25. Rxg4 Rg8 26. Rxg8 Nxg8 27. Qxa5 b6 28. Qa7 Qg7 29. Qb8 f3 30. Qd8+ Ne7 31. Qxc7 f2 32.
Qxd6+ Kf7 33. Qe6+ Ke8 34. f6 Qg1+ 35. Kc2 1-0

[Event "*** Titled Tuesday Blitz"]
[Site "Chess.com"]
[Date "2020.12.01"]
[Round "7"]
[White "Shuvalov"]
[Black "Borsuk_Konstantin"]
[Result "1-0"]
[WhiteElo "2449"]
[BlackElo "2549"]
[TimeControl "180+1"]
[EndTime "11:15:52 PST"]
[Termination "Shuvalov won by resignation"]

1. Nf3 b6 2. e4 c5 3. d4 cxd4 4.
Nxd4 Bb7 5. Nc3 a6 6. Bd3 Nc6 7. Be3 e6 8. O-O b5 9. Re1 Nge7 10. f4 Nxd4 11. Bxd4 Nc6 12. Bf2 d6 13. f5 Ne5 14.
Ne2 Qg5 15. Nd4 Ng4 16. Nf3 Qh6 17. fxe6 fxe6 18. Bg3 e5 19. Nh4 Qe6 20. Nf5 Nf6 21. a4 g6 22. Nh4 b4 23. b3 Bh6 24. Bc4 Qd7 25. Qd3 Ke7 26. Rad1 Rhf8 27. Nf3 Qc7 28. Bh4 Bf4 29. Kh1 Rad8 30. Ng5 Bxg5 31. Bxg5 Ke8 32. Rf1 Nxe4 33. Bxd8 Nf2+ 34. Rxf2 Rxf2 35. Bxc7 1-0

[Event "*** Titled Tuesday Blitz"]
[Site "Chess.com"]
[Date "2020.12.01"]
[Round "7"]
[White "Rital44"]
[Black "paulrusan"]
[Result "1-0"]
[WhiteElo "2457"]
[BlackElo "2258"]
[TimeControl "180+1"]
[EndTime "11:15:53 PST"]
[Termination "Rital44 won on time"]

1. e4 g6 2. h4 h5 3. Nf3 Bg7 4.
Bc4 d6 5. Nc3 Nf6 6. Ng5 O-O 7.
d3 c5 8. Ne2 Nc6 9. Nf4 e6 10.
Bb3 d5 11. O-O Qd6 12. c3 Bd7 13. Re1 b5 14. a4 a6 15. Qf3 c4 16. dxc4 bxc4 17.
Bc2 d4 18. Qg3 d3 19. Bd1 e5 20. Nd5 Nxd5 21. exd5 Qxd5 22. Bf3 d2 23. Bxd2 Qxd2 24. Rad1 Qf4 25. Qxf4 exf4 26. Rxd7 Rac8 27. Bd5 Ne5 28. Rxe5 Bxe5 29. Nxf7 Rxf7 30. Bxf7+ Kf8 31. Bxg6 Rb8 32. Rf7+ Kg8 33. Rf5 Bd6 34. Bf7+ Kg7 35.
Bxc4 Rxb2 36. Rd5 Bb8 37. Rxh5 Rb1+ 38. Kh2 f3+ 39. g3 Kg6 40. Rg5+ Kf6 41. Rg8 Bd6 42. Rd8 Ke7 43. Ra8 Rb2 44. Ra7+ Ke8 45. Rxa6 Rxf2+ 46. Kh3 Ke7 47. Ra7+ Kf6 48. Rf7+ Ke5 49. Kg4 Rc2 50. Rxf3 Ke4 51. Bd3+ 1-0

[Event "*** Titled Tuesday Blitz"]
[Site "Chess.com"]
[Date "2020.12.01"]
[Round "7"]
[White "Qvalda"]
[Black "VladimirBugayev"]
[Result "1-0"]
[WhiteElo "2433"]
[BlackElo "2285"]
[TimeControl "180+1"]
[EndTime "11:15:54 PST"]
[Termination "Qvalda won by checkmate"]

1. e4 c6 2. Bc4 d5 3. Bb3 g6 4.
h4 h5 5. d4 Bg7 6. exd5 cxd5 7. Nc3 Nf6 8. Bg5 e6 9. Qd2 O-O 10. f3 a6 11. g4 Qc7 12. O-O-O b5 13. Bxf6 Bxf6 14. gxh5 b4 15. Nce2 a5 16. Ba4 Bd7 17.
Bxd7 Nxd7 18. hxg6 fxg6 19. Qh6 Kf7 20. h5 g5 21.
Qh7+ Ke8 22. Kb1 a4 23. Nh3 b3 24. cxb3 a3 25. Qg6+ Ke7 26. Nc3 Rg8 27. Nxd5+ exd5 28. Rhe1+ Kd6 29. Qf5 Rae8 30. h6 Rxe1 31. Rxe1 axb2 32. Qe6# 1-0

[Event "*** Titled Tuesday Blitz"]
[Site "Chess.com"]
[Date "2020.12.01"]
[Round "7"]
[White "AcsinteMatei"]
[Black "MoreChessJulia"]
[Result "1-0"]
[WhiteElo "2320"]
[BlackElo "2111"]
[TimeControl "180+1"]
[EndTime "11:15:54 PST"]
[Termination "AcsinteMatei won by resignation"]

1. e4 g6 2. h4 h5 3. Nf3 Bg7 4. Ng5 c5 5. Bc4 e6 6. Qf3 Qf6 7. Nc3 Qxf3 8. Nxf3 Nc6 9. Nb5 Kd8 10. Nd6 Ke7 11. Nxc8+ Rxc8 12. d3 Nh6 13. a4 Rhd8 14. a5 d5 15. exd5 exd5 16. Ba2 Nf5 17. O-O Kf8 18.
a6 b5 19. Rb1 c4 20. Be3 Nxe3 21. fxe3 Re8 22. e4 dxe4 23. Ng5 exd3 24. cxd3 Bd4+ 25.
Kh1 f5 26. dxc4 bxc4 27. Bxc4 Ne5 28. Bd5 Ng4 29. Ne6+ Rxe6 30. Bxe6 Re8 31. Bd5 Re5 32. Bf3 Nf2+ 33. Kh2 Ng4+ 34. Kg3 Be3 35. Bxg4 hxg4 36. b4 g5 37. hxg5 Bxg5 38. Rfe1 Rd5 39. b5 Rd3+ 40. Kh2 Bf4+ 41. Kh1 Bc7 42. Red1 Ra3 43. Rd7 Bb6 44. Rc1 Ke8 45. Rb7 f4 46. Rc8+ Bd8 47. Rbb8 Rd3 48. b6 Kd7 49. Rxd8+ 1-0